Map: Dusk Towers

Players

백단

  • Race: Zerg Zerg
  • League: Diamond

ILLBdA - Winner!

  • Race: Protoss Protoss
  • League: Diamond

VOD

Have the link to the VOD?

Description

Time

  • Played on: Dec. 17, 2015, 2:49 a.m.
  • Length: 4:48
Show
View Real Time Build Order
Export as new Build Order

백단 Zerg 

Build Orders: Hatch First 

Get SALT Encoding   

  12  0:01  Drone  
  13  0:12  Overlord  
  13  0:22  Drone  
  14  0:31  Drone x2  
  14  0:35  Drone  
  17  0:57  Drone  
  17  1:03  Hatchery  
  17  1:07  Extractor  
  16  1:13  Spawning Pool  
  16  1:15  Drone  
  16  1:19  Drone  
  17  1:27  Drone  
  17  1:31  Overlord  
  18  1:48  Drone  
  19  2:03  Zergling x4  
  19  2:04  Queen  
  23  2:15  Queen  
  23  2:16  Drone  
  23  2:22  Roach Warren  
  18  3:02  Roach x3  
  18  3:13  Roach  
  18  3:14  Roach  
  16  4:00  Zergling x2  
Show
View Real Time Build Order
Export as new Build Order

ILLBdA Protoss - Winner!

Build Orders:  

Get SALT Encoding   

  12  0:01  Probe (Chrono Boost)  
  13  0:11  Probe (Chrono Boost)  
  14  0:24  Probe (Chrono Boost)  
  15  0:37  Pylon  
  15  0:55  Gateway  
  15  0:56  Gateway  
  15  0:58  Gateway  
  15  1:09  Gateway  
  15  1:17  Pylon  
  15  1:45  Zealot (Chrono Boost)  
  15  1:46  Zealot (Chrono Boost)  
  21  1:47  Zealot (Chrono Boost)  
  21  1:57  Zealot (Chrono Boost)  
  23  2:12  Pylon, Zealot (Chrono Boost)  
  23  2:13  Zealot (Chrono Boost)  
  27  2:16  Zealot (Chrono Boost)  
  29  2:27  Zealot (Chrono Boost)  
  33  2:40  Zealot (Chrono Boost)  
  33  2:42  Zealot (Chrono Boost)  
  31  2:45  Zealot (Chrono Boost)  
  33  2:57  Zealot (Chrono Boost)  
  33  3:07  Zealot (Chrono Boost)  
  33  3:11  Zealot (Chrono Boost)  
  35  3:15  Zealot (Chrono Boost)  
  39  3:27  Zealot (Chrono Boost)  
  37  3:34  Zealot (Chrono Boost)  
  37  3:41  Zealot (Chrono Boost)  
  35  3:44  Zealot (Chrono Boost)  
  35  3:55  Zealot (Chrono Boost)  
  37  4:02  Zealot (Chrono Boost)  
Tags
 
Matchup
PvZ
Replay Pack
me
Add a new tag
Caveats
  • Supply blocks, unpowered buildings, or Contaminate may cause inaccurate times.
  • Supply counts are checked every 10 seconds.